 Dungeon Crawl Stone Soup version 0.25-a0-505-gae4569222e (webtiles) character file.

Game seed: 6608532427846368480, levelgen mode: deterministic

319 Nefarium the Digger (level 6, 0/35 HPs)
             Began as a Gargoyle Earth Elementalist on Feb 14, 2020.
             Slain by a bullfrog zombie (3 damage)
             ... in an ossuary.
             The game lasted 00:20:15 (2503 turns).

Nefarium the Digger (Gargoyle Earth Elementalist)   Turns: 2503, Time: 00:20:16

Health: 0/35       AC:  8    Str:  9 (11) XL:     6   Next: 46%
Magic:  0/10       EV: 17    Int: 18      God:
Gold:   190        SH:  6    Dex: 13 (15) Spells: 5/11 levels left

rFire    . . .     SeeInvis .   a - +0 mace
rCold    . . .     Gourm    .   f - +1 buckler
rNeg     + . .     Faith    .   c - +0 robe
rPois    ∞         Spirit   .   (no helmet)
rElec    +         Reflect  .   (no cloak)
rCorr    .         Harm     .   x - +0 pair of gloves
MR       .....                  l - +0 pair of boots
Stlth    +++.......             (no amulet)
HPRegen  0.11/turn              (no ring)
MPRegen  0.12/turn              (no ring)

@: agile, hasted (expiring), very quick
A: negative energy resistance 1, electricity resistance, unbreathing,
petrification resistance, rot immunity, AC +4
a: no special abilities


You were in an ossuary.
You were not hungry.

You visited 1 branch of the dungeon, and saw 6 of its levels.
You also visited: Ossuary.

You collected 190 gold pieces.

Inventory:

Hand Weapons
 a - a +0 mace (weapon)
 e - a +0 hunting sling
Missiles
 b - 99 stones (quivered)
 j - 7 sling bullets
Armour
 c - a +0 robe (worn)
 f - a +1 buckler (worn)
 k - a +0 leather armour
 l - a +0 pair of boots (worn)
 m - a +0 ring mail
 n - a +0 scale mail
 x - a +0 pair of gloves (worn)
Jewellery
 u - an uncursed ring of flight {unknown}
Scrolls
 g - 2 scrolls of remove curse
 h - a scroll of enchant armour
 i - a scroll of random uselessness {unknown}
 q - a scroll of immolation {unknown}
 r - 3 scrolls of identify
 s - 2 scrolls of teleportation {unknown}
Potions
 v - a potion of haste
Comestibles
 d - 4 rations
 t - 2 chunks of flesh


   Skills:
 + Level 2.3 Fighting
 - Level 0.1 Armour
 - Level 1.5 Dodging
 - Level 2.2 Stealth
 * Level 3.7 Shields
 + Level 3.0 Spellcasting
 * Level 2.2 Conjurations
 - Level 0.7 Transmutations
 - Level 5.0 Earth Magic


You had 5 spell levels left.
You knew the following spells:

 Your Spells              Type           Power        Failure   Level  Hunger
a - Sandblast             Erth           ###...       1%          1    None
b - Passwall              Tmut/Erth      ##......     8%          2    ##.....
c - Stone Arrow           Conj/Erth      ###...       11%         3    ###....

Your spell library contained the following spells:

 Spells                   Type           Power        Failure   Level  Hunger
 Petrify                  Tmut/Erth      ##......     45%         4    ####...
 Lee's Rapid Deconstruct  Erth           ###.......   50%         5    ######.


Dungeon Overview and Level Annotations

Branches:
Dungeon (6/15)            Ossuary (1/1)
 Temple: D:4-7

Altars:
Elyvilon

Annotations:
D:2 Natasha
D:5 1 runed translucent door, FrozenTrovador's ghost, novice HOMo


Innate Abilities, Weirdness & Mutations

You are resistant to torment.
Your stone body is resilient. (AC +4)
You are immune to poison.
You resist negative energy. (rN+)
You are resistant to electric shocks. (rElec)
You can survive without breathing.
You are immune to petrification.
You are immune to rotting.


Message History

Aim: a mummy (almost destroyed)
The blast of sand hits the mummy!
You destroy the mummy!
You feel your intelligence returning.
b - 99 stones The bullfrog zombie hits you but does no damage.
You barely miss the bullfrog zombie. You block the bullfrog zombie's attack.
The bullfrog zombie hits you but does no damage.
You sock the bullfrog zombie!
The bullfrog zombie is moderately damaged.
Your extra speed is starting to run out.
The bullfrog zombie hits you.
* * * LOW HITPOINT WARNING * * *
You completely miss the bullfrog zombie.
The bullfrog zombie is moderately damaged.
The bullfrog zombie hits you but does no damage.
You sock the bullfrog zombie!
The bullfrog zombie is heavily damaged.
The bullfrog zombie hits you.
You die...

### #####
#.'.#..∩#
#.'.Z.#
#.'.#..@#
### #####


You could see a bullfrog zombie.

Vanquished Creatures
  A howler monkey (D:4)
  A centaur zombie (Ossuary)
  Natasha (D:2)
  A hound skeleton (D:5)
  6 mummies
  5 adders (D:2)
  2 gnolls
  3 oozes
  A dart slug (D:1)
  3 leopard geckos
  4 orcs (D:3)
  2 ball pythons (D:1)
  7 bats
  A giant cockroach (D:5)
  4 hobgoblins (D:1)
  6 kobolds
  A quokka (D:3)
  3 frilled lizards
  5 goblins
  5 rats
62 creatures vanquished.

Vanquished Creatures (others)
  A withered plant (Ossuary)
1 creature vanquished.

Grand Total: 63 creatures vanquished

Notes
Turn   | Place    | Note
-------+----------+-------------------------------------------
     0 | D:1      | Nefarium the Gargoyle Earth Elementalist began the quest
                  | for the Orb.
     0 | D:1      | Reached XP level 1. HP: 10/10 MP: 3/3
   181 | D:1      | Reached XP level 2. HP: 16/16 MP: 3/5
   260 | D:1      | Reached skill level 4 in Earth Magic
   263 | D:1      | Reached skill level 1 in Shields
   558 | D:1      | Reached XP level 3. HP: 20/20 MP: 2/6
   933 | D:1      | Learned a level 2 spell: Passwall
   937 | D:1      | Learned a level 3 spell: Stone Arrow
  1157 | D:2      | Reached skill level 1 in Fighting
  1182 | D:2      | Reached XP level 4. HP: 24/25 MP: 1/7
  1424 | D:2      | Found a white marble altar of Elyvilon.
  1678 | D:2      | Noticed Natasha
  1685 | D:2      | Killed Natasha
  1685 | D:2      | Reached XP level 5. HP: 29/29 MP: 0/8
  1754 | D:2      | Noticed Natasha
  2021 | D:3      | Reached skill level 5 in Earth Magic
  2183 | D:3      | You fall into a shaft and drop 3 floors!
  2248 | D:5      | Entered Level 5 of the Dungeon
  2248 | D:5      | Found a runed translucent door.
  2248 | D:5      | Noticed FrozenTrovador's ghost (novice HOMo)
  2408 | D:4      | Reached skill level 1 in Conjurations
  2439 | D:4      | Reached XP level 6. HP: 35/35 MP: 5/10
  2442 | D:4      | Found a sand-covered staircase.
  2448 | Ossuary  | Entered an ossuary
  2503 | Ossuary  | Slain by a bullfrog zombie

Levels and vault maps discovered:
D:1:      sevenhm_arrival_forest_fort_small_3, layout_loops_corners
D:2:      layout_basic, overflow_temple_1_default, uniq_natasha
D:3:      layout_basic, lemuel_zombie_altar_yredelemnul, first_ration,
          chequers_serial_rivers_micro_e
D:4:      layout_loops_ring, gup_ossuary_entry_pyramid, fedhas_altar_4
D:5:      layout_loops_ring, lightli_temple_of_fire, gammafunk_ghost_grave
D:6:      layout_loops_ring, minmay_temple_entry_arrows
Ossuary:  ossuary_zaba_flooded

Skill      XL: |  1  2  3  4  5  6 |
---------------+-------------------+-----
Earth Magic    | 4 5 |  5.0
Shields        | 1 2 3 |  3.7
Fighting       | 1 2 |  2.3
Conjurations   | 1 2 |  2.2
Spellcasting   | 3 |  3.0
Armour         | |  0.1
Dodging        | |  1.5
Stealth        | |  2.2
Transmutations | |  0.7

Action                   |  1- 3 |  4- 6 || total
-------------------------+-------+-------++-------
Melee: Mace              |       |    66 ||    66
 Fire: Hunting sling     |    40 |    61 ||   101
 Cast: Sandblast         |    21 |    45 ||    66
  Use: Scroll            |     3 |     2 ||     5
       Potion            |       |     5 ||     5
  Eat: Chunk             |     1 |     4 ||     5
Armor: Robe              |     2 |    42 ||    44
Dodge: Dodged            |     3 |    57 ||    60
Block: Buckler           |     2 |    25 ||    27

Table legend:
 A = Non-vault XP
 B = Vault XP
 C = Vault XP percentage of total XP
 D = Non-vault monster count
 E = Vault monster count
 F = Vault count percentage of total count
                 A         B        C        D         E       F
            +---------+---------+-------+---------+---------+-------
      Total |     266 |     191 |  41.8 |      54 |       8 |  12.9
            +---------+---------+-------+---------+---------+-------
        D:1 |      52 |       0 |   0.0 |      22 |       0 |   0.0
        D:2 |     109 |      36 |  24.8 |      18 |       1 |   5.3
        D:3 |      30 |       0 |   0.0 |      11 |       0 |   0.0
        D:4 |      55 |      18 |  24.7 |       1 |       1 |  50.0
        D:5 |      20 |       0 |   0.0 |       2 |       0 |   0.0
    Ossuary |       0 |     137 | 100.0 |       0 |       6 | 100.0
            +---------+---------+-------+---------+---------+-------
